 Dungeon Crawl Stone Soup version 0.24.0-123-gd5b16e6ec5 (webtiles) character file.

Game seed: 7849963743424730955, levelgen mode: deterministic

184 Freitmort the Conjurer (level 5, -4/28 HPs)
             Began as a Deep Elf Conjurer on Dec 19, 2019.
             Slain by a phantom (10 damage)
             ... on level 4 of the Dungeon.
             The game lasted 00:12:49 (3127 turns).

Freitmort the Conjurer (Deep Elf Conjurer)          Turns: 3127, Time: 00:12:50

Health: -4/28      AC:  3    Str:  6    XL:     5   Next: 36%
Magic:  1/14       EV: 13    Int: 25    God:
Gold:   119        SH:  0    Dex: 15    Spells: 10/13 levels left

rFire    . . .     SeeInvis .   j - +2 short sword
rCold    . . .     Gourm    .   (no shield)
rNeg     . . .     Faith    .   a - +0 robe
rPois    .         Spirit   .   (no helmet)
rElec    .         Reflect  .   (no cloak)
rCorr    .         Harm     .   (no gloves)
MR       +....                  o - +0 pair of boots
Stlth    ++........             (no amulet)
HPRegen  0.09/turn              b - ring of protection from magic
MPRegen  0.14/turn              l - ring of flight

@: brilliant
A: no striking features
a: Evoke Flight


You were on level 4 of the Dungeon.
You were hungry.

You visited 1 branch of the dungeon, and saw 4 of its levels.

You collected 119 gold pieces.

Inventory:

Hand Weapons
 j - a +2 short sword (weapon)
Armour
 a - a +0 robe (worn)
 o - a +0 pair of boots (worn)
Jewellery
 b - a ring of protection from magic (left hand)
 l - a ring of flight (right hand)
Scrolls
 e - 3 scrolls of teleportation
Potions
 f - 3 potions of berserk rage
 i - a potion of heal wounds {unknown}
 k - 2 potions of flight {unknown}
 m - a potion of lignification {unknown}
Comestibles
 c - 4 rations


   Skills:
 + Level 2.6 Dodging
 + Level 3.3 Stealth
 + Level 4.9 Spellcasting
 + Level 6.1 Conjurations


You had 10 spell levels left.
You knew the following spells:

 Your Spells              Type           Power        Failure   Level  Hunger
a - Magic Dart            Conj           ####         1%          1    None
b - Searing Ray           Conj           ######       1%          2    None

Your spell library contained the following spells:

 Spells                   Type           Power        Failure   Level  Hunger
 Dazzling Spray           Conj/Hex       #####.       1%          3    ##.....
 Iskenderun's Mystic Bla  Conj           ######..     1%          4    ####...
 Force Lance              Conj/Tloc      #####...     3%          4    ####...
 Fulminant Prism          Conj/Hex       #####.....   3%          4    ####...


Dungeon Overview and Level Annotations

Branches:
Dungeon (4/15)
 Temple: D:4-7

Altars:
Elyvilon
Nemelex Xobeh
Xom
Zin

Annotations:
D:3 1 runed translucent door


Message History

Casting: Magic Dart (safe; 1% risk of failure)
Confirm with . or Enter, or press ? or * to list all spells.
Aiming: Magic Dart (safe; 1% risk of failure)
Press: ? - help, Shift-Dir - straight line, f/p - phantom
Aim: a phantom (almost destroyed)
The magic dart hits the phantom but does no damage.
The phantom is almost destroyed.
The phantom blinks!
Things that are here:
a chunk of flesh; a howler monkey skeleton
Casting: Magic Dart (safe; 1% risk of failure)
Confirm with . or Enter, or press ? or * to list all spells.
Aiming: Magic Dart (safe; 1% risk of failure)
Press: ? - help, Shift-Dir - straight line, f/p - phantom
Aim: a phantom (almost destroyed)
The magic dart hits the phantom but does no damage.
The phantom is almost destroyed.
An adder skeleton comes into view.
The phantom hits you!
You die...

.###Z..........#
...............#
...............
.............#
#...........#
#.†.........
#.......#
#...W@..#
#.####### #.# #.#
#%###############
#..............<#
#################


You could see a phantom and an adder skeleton (wandering).

Vanquished Creatures
  A howler monkey (D:4)
  6 adders
  An ooze (D:2)
  A worm (D:2)
  4 leopard geckos
  5 orcs (D:3)
  8 giant cockroaches
  7 goblins
  5 hobgoblins
  7 jackals
  A quokka (D:3)
  6 bats
  6 frilled lizards
  9 kobolds
  6 rats
73 creatures vanquished.

Notes
Turn   | Place    | Note
-------+----------+-------------------------------------------
     0 | D:1      | Freitmort the Deep Elf Conjurer began the quest for the
                  | Orb.
     0 | D:1      | Reached XP level 1. HP: 10/10 MP: 6/6
    27 | D:1      | Found a sparkling altar of Nemelex Xobeh.
   195 | D:1      | Reached XP level 2. HP: 15/15 MP: 4/8
   233 | D:1      | Learned a level 2 spell: Searing Ray
   441 | D:1      | Reached skill level 5 in Conjurations
   839 | D:2      | Reached XP level 3. HP: 19/19 MP: 3/9
  1461 | D:2      | You fall into a shaft and drop 1 floor!
  1559 | D:3      | Reached XP level 4. HP: 24/24 MP: 8/11
  2487 | D:3      | Reached skill level 6 in Conjurations
  2569 | D:3      | Found a faded altar of an unknown god.
  2613 | D:3      | Found a shimmering altar of Xom.
  2633 | D:3      | Found a white marble altar of Elyvilon.
  2635 | D:3      | Found a runed translucent door.
  2635 | D:3      | Noticed an angel
  2790 | D:3      | Reached XP level 5. HP: 23/28 MP: 7/13
  2882 | D:3      | Noticed an angel
  2883 | D:3      | Found a glowing silver altar of Zin.
  3088 | D:4      | Noticed a phantom
  3127 | D:4      | Slain by a phantom

Levels and vault maps discovered:
D:1:      roderic_chinese_lattice_arrival, layout_rooms,
          chequers_hall_statues_corner_a, nrook_mini_backslash,
          nemelex_xobeh_ov_fountains_minmay
D:2:      layout_loops_corners
D:3:      layout_loops_ring, nicolae_overflow_crystal_walls, zin_angel,
          chequers_ecumenical_altar_simple_redux, kennysheep_another_room,
          lemuel_angel_altar
D:4:      layout_basic, lemuel_round_altar, chequers_temple_overflow_minitemple,
          first_ration, uniq_natasha

Skill      XL: |  1  2  3  4 |
---------------+-------------+-----
Conjurations   | 5 6 |  6.1
Spellcasting   | 4 |  4.9
Stealth        | 3 |  3.3
Dodging        | |  2.6

Action                   |  1- 3 |  4- 6 || total
-------------------------+-------+-------++-------
Melee: Short sword       |       |     3 ||     3
 Cast: Magic Dart        |    74 |    81 ||   155
       Searing Ray       |     3 |     2 ||     5
  Use: Scroll            |     4 |     5 ||     9
       Potion            |       |     1 ||     1
  Eat: Chunk             |     2 |     4 ||     6
Armor: Robe              |     2 |     2 ||     4
Dodge: Dodged            |    11 |    16 ||    27
